 Dungeon Crawl Stone Soup version 0.27.1 (webtiles) character file.

Game seed: 11546930439660955023

266 Destapler the Skirmisher (level 6, -3/57 HPs)
             Began as a Naga Warper on Aug 27, 2021.
             Slain by Grinder (4 damage)
             ... on level 3 of the Dungeon.
             The game lasted 00:12:50 (2348 turns).

Destapler the Skirmisher (Naga Warper)              Turns: 2348, Time: 00:12:51

Health: -3/57      AC:  8    Str: 10 (13) XL:     6   Next: 20%
Magic:  7/10       EV:  9    Int: 12 (15) God:
Gold:   51         SH:  0    Dex:  9 (11) Spells: 9/11 levels left

rFire    . . .     SeeInvis +   a - +1 spear (freeze)
rCold    . . .     Faith    .   (no shield)
rNeg     . . .     Spirit   .   b - +1 leather armour
rPois    +         Reflect  .   (no helmet)
rElec    .         Harm     .   (no cloak)
rCorr    .         Rampage  .   (no gloves)
Will     .....                  (no barding)
Stlth    +.........             (no amulet)
HPRegen  0.19/turn              f - +4 ring of protection
MPRegen  0.12/turn              (no ring)

@: brilliant, on berserk cooldown, attractive, slowed, very slow
A: AC +2, large, see invisible, deformed body, poison resistance, slowness 2,
spit poison 1, naga tail 1
a: Spit Poison


You were on level 3 of the Dungeon.
You visited 1 branch of the dungeon, and saw 3 of its levels.

You collected 51 gold pieces.

Inventory:

Hand Weapons
 a - a +1 spear of freezing (weapon)
Missiles
 d - 4 boomerangs of dispersal (quivered)
Armour
 b - a +1 leather armour (worn)
Jewellery
 f - a +4 ring of protection (left hand)
Scrolls
 c - a scroll of blinking
 g - 2 scrolls of identify
 i - a scroll of fear
 j - 2 scrolls of fog


   Skills:
 + Level 4.1 Fighting
 - Level 3.0 Polearms
 - Level 1.2 Throwing
 - Level 2.0 Armour
 - Level 2.0 Dodging
 - Level 3.0 Spellcasting
 - Level 3.2 Translocations


You had 9 spell levels left.
You knew the following spells:

 Your Spells              Type           Power      Damage    Failure   Level
B - Blink                 Tloc           N/A        N/A       13%         2

Your spell library contained the following spells:

 Spells                   Type           Power      Damage    Failure   Level
 Gell's Gravitas          Tloc           7%         N/A       26%         3
 Lesser Beckoning         Tloc           7%         N/A       26%         3
 Teleport Other           Tloc           14%        N/A       26%         3
 Magic Dart               Conj           8%         1d3       32%         1
 Searing Ray              Conj           4%         3d3       43%         2
 Inner Flame              Hex/Fire       2%         N/A       67%         3
 Manifold Assault         Tloc           14%        N/A       94%         5
 Cause Fear               Hex            1%         N/A       97%         4
 Fulminant Prism          Conj/Hex       1%         3d6       97%         4
 Discord                  Hex            1%         N/A       100%        8


Dungeon Overview and Level Annotations

Branches:
Dungeon (3/15)

Altars:
Gozag
Yredelemnul

Shops:
D:1 =

Annotations:
D:3 Grinder


Innate Abilities, Weirdness & Mutations

Your serpentine skin is tough. (AC +2)
You have supernaturally acute eyesight. (SInv)
Armour fits poorly on your strangely shaped body.
Your system is resistant to poisons. (rPois)
You cover ground very slowly.
You can spit poison.
You have a snake-like lower body.


Message History

Pain shoots through your body!
* * * LOW HITPOINT WARNING * * *
You can move again.
You are too injured to fight recklessly!
Throw: 5 boomerangs (disperse)
Press: ? - help, Q - select action, (/) - cycle Shift-Dir - straight line, f/p - Grinder
Aim: Grinder (lightly wounded, 52% to hit)
You throw a boomerang of dispersal.
The boomerang of dispersal barely misses Grinder.
The endoplasm hits you but does no damage.
Grinder barely misses you. The endoplasm barely misses you.
Grinder hits you but does no damage.
Press: ? - help, Shift-Dir - straight line, f/p - Grinder
Aim: Grinder (lightly wounded)
The splash of poison misses Grinder.
The endoplasm hits you.
* * * LOW HITPOINT WARNING * * *
Grinder hits you but does no damage. The endoplasm freezes you.
You are frozen.
* * * LOW HITPOINT WARNING * * *
You can't do that yet.
You hit the endoplasm. You freeze the endoplasm.
You kill the endoplasm!
Grinder closely misses you.
You hit Grinder.
Grinder is lightly wounded.
Grinder barely misses you.
An endoplasm comes into view.
Grinder blinks!
The endoplasm is pulled toward you! Grinder is pulled toward you!
You barely miss the endoplasm.
The endoplasm quivers.
The endoplasm freezes you.
You are frozen.
* * * LOW HITPOINT WARNING * * *
Grinder is pulled toward you!
You hit the endoplasm but do no damage.
You have got your breath back.
Grinder hits you.
You die...

##.######.#####.#..
#.## #.# #.#.### #..#
#.# #..5..## ##.# #.#
#......# #.# #.#
#...... #.#
##.#####.##.# #.##
#...........# ####..#
#...).......#
......###......5@J#..#
.......##......ยง..#
..#
.......##.........# .
######..#)........#
#...'.........#
#.#.#.........#
#.#.#.........#
#.#..#+########
#.##.#.#


You could see Grinder and an endoplasm.

Vanquished Creatures
  Sigmund (D:3)
  Jessica (D:2)
  2 adders
  An adder skeleton (D:2)
  2 dart slugs
  4 ball pythons
  5 endoplasms
  5 giant cockroaches
  A goblin (D:1)
  2 hobgoblins
  4 jackals (D:1)
  3 quokkas
  3 bats (D:1)
  3 frilled lizards (D:1)
  7 kobolds
  12 rats
56 creatures vanquished.

Notes
Turn   | Place    | Note
-------+----------+-------------------------------------------
     0 | D:1      | Destapler the Naga Warper began the quest for the Orb.
     0 | D:1      | Reached XP level 1. HP: 19/19 MP: 3/3
    47 | D:1      | Reached skill level 1 in Throwing
    47 | D:1      | Reached skill level 1 in Armour
   364 | D:1      | Reached XP level 2. HP: 26/26 MP: 5/5
   518 | D:1      | Learned a level 2 spell: Blink
   700 | D:1      | Reached XP level 3. HP: 32/32 MP: 6/6
   746 | D:1      | Found Qucsoapp's Jewellery Shoppe.
  1110 | D:2      | Found a basalt altar of Yredelemnul.
  1361 | D:2      | Reached XP level 4. HP: 40/40 MP: 7/7
  1433 | D:2      | Noticed Jessica
  1439 | D:2      | Killed Jessica
  2053 | D:3      | Found an opulent altar of Gozag.
  2302 | D:3      | Noticed Grinder
  2315 | D:3      | Noticed Sigmund
  2316 | D:3      | Paralysed by Grinder for 6 turns
  2328 | D:3      | Killed Sigmund
  2329 | D:3      | Reached skill level 3 in Fighting
  2329 | D:3      | Reached skill level 4 in Fighting
  2329 | D:3      | Reached XP level 5. HP: 50/50 MP: 6/9
  2329 | D:3      | Reached XP level 6. HP: 57/57 MP: 6/10
  2339 | D:3      | Paralysed by Grinder for 4 turns
  2347 | D:3      | HP: 1/57 [frozen (4)]
  2348 | D:3      | Slain by Grinder

Illustrated notes

Levels and vault maps discovered:
D:1:      dpeg_arrival_simpleton_c, layout_loops_ring, serial_shops, shop_statue
D:2:      minmay_door_path, layout_loops_ring, basic_altar, uniq_jessica
D:3:      layout_basic, grunt_gozag_statues, minmay_cupped, uniq_sigmund,
          uniq_grinder

Skill      XL: |  1  2  3  4 |
---------------+-------------+-----
Throwing       | 1 |  1.2
Armour         | 1 2 |  2.0
Dodging        | 2 |  2.0
Fighting       | 4 |  4.1
Polearms       | 3 |  3.0
Spellcasting   | 3 |  3.0
Translocations | |  3.2

Action                   |  1- 3 |  4- 6 || total
-------------------------+-------+-------++-------
Melee: Spear             |    93 |    40 ||   133
Throw: Boomerang         |       |     1 ||     1
 Cast: Blink             |       |     2 ||     2
 Abil: Spit Poison       |    28 |    17 ||    45
  Use: Scroll            |       |     9 ||     9
       Potion            |       |     4 ||     4
 Stab: Sleeping          |     1 |       ||     1
Armor: Leather armour    |    27 |    24 ||    51
Dodge: Dodged            |    38 |    20 ||    58
